 Dungeon Crawl Stone Soup version bcrawl-1.19.2-6-g6a88ae04c9 (webtiles) character file.

Game seed: 50099203733092500

31850 Mrkan the Severer (level 13, -2/116 HPs)
             Began as a Minotaur Fighter on Dec 29, 2019.
             Was a Priest of Fedhas.
             Slain by a ten-headed hydra (5 damage)
             ... on level 6 of the Lair of Beasts.
             The game lasted 00:23:12 (18052 turns).

Mrkan the Severer (Minotaur Fighter)               Turns: 18052, Time: 00:23:13

Health: -2/116     AC: 18    Str: 22    XL:     13   Next: 28%
Magic:  18/18      EV:  6    Int: 10    God:    Fedhas [***...]
Gold:   666        SH: 13    Dex: 14    Spells: 12/12 levels left

rFire    . . .     SeeInvis .   z - +0 broad axe
rCold    . . .     Gourm    .   c - +0 shield
rNeg     . . .     Faith    .   K - +0 plate armour
rPois    .         Spirit   .   D - +1 hat {MR+}
rElec    .         Reflect  .   R - scarf {cloud immunity}
rCorr    .         Harm     .   J - +1 pair of gloves
MR       +....                  (no boots)
Stlth    ..........             (no amulet)
HPRegen  0.29/turn              l - ring of wizardry
MPRegen  0.16/turn              A - +5 ring of intelligence

@: no status effects
A: retaliatory headbutt, horns 2
a: Fungal Bloom, Sunlight, Evolution, Growth, Renounce Religion


You were on level 6 of the Lair of Beasts.
You worshipped Fedhas.
Fedhas was most pleased with you.
You were not hungry.

You visited 2 branches of the dungeon, and saw 15 of its levels.
You also visited: Sewer.

You collected 791 gold pieces.
You spent 125 gold pieces at shops.

Inventory:

Hand Weapons
 z - a +0 broad axe (weapon)
 T - the +3 trident of Perfectionism {venom, rPois rF- Str+9 Int+3}
   (You found it on level 5 of the Lair of Beasts)

   It poisons the flesh of those it strikes.
   It affects your strength (+9).
   It affects your intelligence (+3).
   It makes you vulnerable to fire.
   It protects you from poison.
Armour
 c - a +0 shield (worn)
 D - a +1 hat of magic resistance (worn)
 J - a +1 pair of gloves (worn)
 K - a +0 plate armour (worn)
 R - a scarf of cloud immunity (worn)
Jewellery
 h - an uncursed amulet of faith
 l - a ring of wizardry (left hand)
 A - a +5 ring of intelligence (right hand)
 N - a cursed -3 ring of evasion {unknown}
 S - an uncursed amulet of regeneration {unknown}
 U - an uncursed ring of ice {unknown}
Wands
 j - a wand of polymorph (38)
 p - a wand of paralysis (22)
 y - a wand of iceblast (21)
 E - a wand of random effects (13)
 G - a wand of flame (12)
 H - a wand of enslavement (11)
 I - a wand of acid (6)
Scrolls
 b - 2 scrolls of fear
 e - 11 scrolls of identify
 k - 2 scrolls of immolation
 m - 9 scrolls of teleportation
 u - 8 scrolls of remove curse
 v - 3 scrolls of noise
 x - a scroll of magic mapping {unknown}
 B - a scroll of blinking {unknown}
 C - a scroll of enchant armour
 L - a scroll of enchant weapon {unknown}
 O - a scroll of amnesia
Potions
 a - 3 potions of berserk rage
 d - 3 potions of might
 g - 6 potions of heal wounds
 i - a potion of magic
 n - 7 potions of curing
 o - 2 potions of agility
 q - 3 potions of brilliance
 s - 3 potions of haste
 t - 2 potions of lignification
 w - 2 potions of degeneration
 F - 2 potions of mutation
 M - a potion of flight {unknown}
Miscellaneous
 P - a phial of floods
 Q - a lamp of fire
Comestibles
 f - 29 rations {!d}
 r - 4 chunks of flesh


   Skills:
 + Level 11.6 Fighting
 * Level 15.4 Axes
 + Level 11.7 Armour
 + Level 11.6 Shields
 + Level 9.2 Invocations


You had 12 spell levels left.
You didn't know any spells.
Your spell library contained the following spells:

 Spells                   Type           Power        Failure   Level  Hunger
 Beastly Appendage        Tmut           #.....       93%         1    ##.....
 Corona                   Hex            #......      93%         1    ##.....
 Ensorcelled Hibernation  Hex/Ice        #.....       98%         2    ###....
 Poisonous Vapours        Pois/Air       #.....       98%         2    ###....
 Shackle                  Hex            #.......     98%         2    ###....
 Sticks to Snakes         Tmut           #.......     98%         2    ###....
 Conjure Flame            Conj/Fire      #.......     100%        3    ####...
 False Image              Hex/Summ       #.......     100%        3    ####...
 Inner Flame              Hex/Fire       N/A          100%        3    ####...
 Mephitic Cloud           Conj/Pois/Air  #.......     100%        3    ####...
 Spider Form              Tmut/Pois      #..          100%        3    ####...
 Cause Fear               Hex            #.........   100%        4    #####..
 Ice Form                 Ice/Tmut       #.......     100%        4    #####..
 Yara's Violent Unravell  Hex/Tmut       #.........   100%        4    #####..
 Blade Hands              Tmut           #.........   100%        5    ######.
 Borgnjor's Vile Clutch   Necr/Erth      #.........   100%        6    #######
 Darkness                 Hex            #.........   100%        6    #######
 Death Channel            Chrm/Necr      #.........   100%        6    #######
 Freezing Cloud           Ice/Air        #.........   100%        6    #######
 Infestation              Hex/Tmut/Pois  #........    100%        6    #######
 Shadow Creatures         Summ           N/A          100%        6    #######
 Steam Barrier            Chrm/Fire      #.........   100%        6    #######
 Haunt                    Necr/Summ      #.........   100%        7    #######
 Borgnjor's Revivificati  Necr           #.........   100%        8    #######
 Necromutation            Tmut/Necr      #.......     100%        8    #######
 Time Stop                Chrm/Tloc      N/A          100%        8    #######


Dungeon Overview and Level Annotations

Branches:
Dungeon (9/12)             Temple (0/1) D:4            Lair (6/6) D:9
  Swamp (0/3) Lair:4       Spider (0/3) Lair:2        Slime (0/5) Lair:6
    Orc (0/1) D:9

Altars:
Cheibriados
Dithmenos
Fedhas
Gozag
Hepliaklqana
Nemelex Xobeh
Ru
Trog
Jiyva

Shops:
D:7 (   D:9 }}}*?

Annotations:
D:4 2 transporters
D:7 2 runed translucent doors, Mrkan's ghost, novice HOFi


Innate Abilities, Weirdness & Mutations

You reflexively headbutt those who attack you in melee.
You have a pair of horns on your head.


Message History

The nine-headed hydra is almost dead.
The nine-headed hydra bites you!
* * * LOW HITPOINT WARNING * * *
You block the nine-headed hydra's attack.
The nine-headed hydra bites you.
* * * LOW HITPOINT WARNING * * *
The nine-headed hydra bites you but does no damage.
The nine-headed hydra barely misses you.
You block the nine-headed hydra's attack. x2
The nine-headed hydra bites you.
* * * LOW HITPOINT WARNING * * *
The nine-headed hydra bites you.
* * * LOW HITPOINT WARNING * * *
You chop one of the nine-headed hydra's heads off!
The eight-headed hydra grows two more!
You hit the ten-headed hydra. You headbutt the ten-headed hydra.
The ten-headed hydra is severely wounded.
The ten-headed hydra bites you.
You die...
Fedhas appreciates your contribution to the ecosystem.

## #### #### #.##
##..###..###########
#.#...####...#.##.#÷PP..#.P..
...........D@......÷.......P.
...#.....÷##...#..P.........
#.#...###...#†P†.........
####....##...###....†.....
##....÷÷##....##...........
.....#.D...##....#...........
...+..+...##....##...........
#. #.P.....#....###..........
##......#...## #†....#####


You could see a ten-headed hydra (confused).

Vanquished Creatures
  Gastronok (Lair:1)
  A wolf spider zombie (D:8)
  A salamander (Lair:3)
  An elephant (Lair:6)
  A wandering mushroom (Lair:6)
  6 black mambas
  7 cane toads
  A centaur skeleton (D:9)
  A rime drake (Lair:4)
  5 komodo dragons
  A queen bee (Lair:4)
  2 trolls
  Grinder (D:5)
  7 blink frogs (Lair:5)
  2 polar bears
  A bog body (Lair:4)
  4 hippogriffs
  3 wyverns
  2 redbacks (Lair:2)
  2 basilisks
  44 yaks
  A fire elemental (Lair:3)
  4 hogs (D:8)
  A human (D:8)
  Eustachio (D:5)
  Grum (Lair:1)
  A hungry ghost (D:9)
  A steam dragon (Lair:2)
  Edmund (D:5)
  7 crocodiles
  6 water moccasins
  7 porcupines
  2 hell hounds (Lair:6)
  3 orc warriors
  3 ice beasts
  A hornet zombie (D:7)
  4 sky beasts
  2 black bears
  6 ogres
  16 wolves
  2 phantoms
  A centaur (D:9)
  7 big kobolds (Sewer)
  6 bullfrogs
  A gnoll sergeant (D:9)
  A wyvern zombie (D:6)
  14 killer bees (Lair:4)
  7 wights
  4 howler monkeys
  An electric eel (D:9)
  2 crimson imps
  A quasit (D:6)
  3 hounds
  7 orc priests
  5 orc wizards
  3 iguanas
  Ijyb (D:5)
  3 worker ants
  A hound zombie (D:6)
  A hound skeleton (D:4)
  6 gnolls (D:9)
  20 adders
  2 shadow imps
  4 oozes
  7 worms
  3 dart slugs
  7 leopard geckos
  26 orcs
  4 ball pythons
  5 bats
  2 giant cockroaches
  5 goblins
  7 hobgoblins
  6 quokkas
  4 frilled lizards
  2 jackal skeletons
  15 kobolds
  10 rats
368 creatures vanquished.

Vanquished Creatures (others)
  4 oklob plants
  The ghost of Sickboy the Destroyer, a journeyman FrWz of Sif Muna (Lair:5)
  7 hydras
  Psyche (D:9)
  Sonja (Lair:4)
  2 elephants (Lair:6)
  2 cane toads
  A rime drake (Lair:4)
  7 wandering mushrooms
  A hornet (Lair:5)
  3 spriggans (Lair:5)
  A wyvern (Lair:5)
  A crocodile (Lair:4)
  A hell hound (Lair:6)
  A porcupine (Lair:1)
  A black bear (Lair:5)
  A boggart (Lair:5)
  A bullfrog (Lair:4)
  10 killer bees (Lair:4)
  A crimson imp (D:9)
  6 fungi
  5 plants
  55 toadstools
114 creatures vanquished.

Grand Total: 482 creatures vanquished

Notes
Turn   | Place    | Note
-------+----------+-------------------------------------------
     0 | D:1      | Mrkan the Minotaur Fighter began the quest for the Orb.
     0 | D:1      | Reached XP level 1. HP: 19/19 MP: 0/0
   212 | D:1      | Reached XP level 2. HP: 27/27 MP: 1/1
   448 | D:1      | Reached skill level 3 in Axes
   638 | D:2      | Reached XP level 3. HP: 33/33 MP: 2/2
   894 | D:2      | Found a blossoming altar of Fedhas.
   912 | D:2      | Became a worshipper of Fedhas Madash
   990 | D:2      | Found an opulent altar of Gozag.
   994 | D:2      | Found a bloodstained altar of Trog.
  1115 | D:2      | Reached XP level 4. HP: 34/40 MP: 3/3
  1331 | D:3      | Reached skill level 4 in Axes
  1535 | D:3      | Found a glowing drain.
  1556 | Sewer    | Entered a sewer
  1617 | Sewer    | Noticed a big kobold
  1627 | Sewer    | Killed a big kobold
  1627 | Sewer    | Reached skill level 1 in Invocations
  1627 | Sewer    | Reached XP level 5. HP: 47/47 MP: 4/4
  1656 | Sewer    | Reached * piety under Fedhas
  1656 | Sewer    | Reached skill level 5 in Axes
  1656 | Sewer    | Reached XP level 6. HP: 52/53 MP: 4/6
  1942 | Sewer    | Reached skill level 5 in Armour
  1942 | Sewer    | Reached skill level 5 in Shields
  1986 | Sewer    | Reached skill level 5 in Fighting
  2022 | Sewer    | Reached XP level 7. HP: 57/61 MP: 7/7
  2056 | Sewer    | Reached skill level 6 in Axes
  2233 | D:3      | Reached ** piety under Fedhas
  2794 | D:4      | Found a transporter.
  2838 | D:4      | Found a transporter.
  3040 | D:4      | Reached skill level 7 in Axes
  3040 | D:4      | Reached XP level 8. HP: 59/70 MP: 9/9
  3415 | D:4      | Found a staircase to the Ecumenical Temple.
  3642 | D:5      | Entered Level 5 of the Dungeon
  3642 | D:5      | Noticed Edmund
  3651 | D:5      | Killed Edmund
  3656 | D:5      | Noticed Grinder
  3668 | D:5      | Paralysed by Grinder for 2 turns
  3671 | D:5      | Killed Grinder
  3671 | D:5      | Reached skill level 8 in Axes
  3724 | D:5      | Noticed Eustachio
  3744 | D:5      | Killed Eustachio
  3744 | D:5      | Reached *** piety under Fedhas
  4082 | D:5      | Found a sparkling altar of Nemelex Xobeh.
  4219 | D:5      | Got a twisted quarterstaff
  4469 | D:5      | Noticed Ijyb
  4483 | D:5      | Killed Ijyb
  4483 | D:5      | Reached XP level 9. HP: 29/78 MP: 11/11
  5282 | D:6      | Found a snail-covered altar of Cheibriados.
  5299 | D:6      | Reached skill level 9 in Axes
  6054 | D:7      | Noticed a troll
  6063 | D:7      | Killed a troll
  6283 | D:7      | Found a sparkling altar of Nemelex Xobeh.
  6285 | D:7      | Found a sacrificial altar of Ru.
  6351 | D:7      | Reached skill level 5 in Invocations
  6414 | D:7      | Reached **** piety under Fedhas
  6658 | D:7      | Found Ciss's Antique Weapon Boutique.
  6743 | D:7      | Reached skill level 10 in Axes
  6789 | D:7      | Found a large runed translucent door.
  6791 | D:7      | Noticed Mrkan's ghost (novice HOFi)
  6792 | D:7      | Found a large runed translucent door.
  6828 | D:7      | Found a hazy altar of Hepliaklqana.
  6923 | D:8      | Reached XP level 10. HP: 68/88 MP: 13/13
  6943 | D:8      | Identified the +8 quarterstaff "Edaelue" {speed, *Noise
                  | rElec Str+9} (You found it on level 5 of the Dungeon)
  7098 | D:8      | Found a shadowy altar of Dithmenos.
  7162 | D:8      | Reached ***** piety under Fedhas
  7345 | D:8      | Reached skill level 11 in Axes
  8068 | D:8      | Found a sacrificial altar of Ru.
  8203 | D:9      | Found Yjoastru's Gadget Shop.
  8353 | D:9      | Reached XP level 11. HP: 95/97 MP: 14/14
  8780 | D:9      | Reached skill level 12 in Axes
  8786 | D:9      | Reached ****** piety under Fedhas
  9124 | D:9      | Found Hoptiw's Assorted Antiques.
  9207 | D:9      | Bought a lumpy sapphire amulet for 125 gold pieces
  9223 | D:9      | Found a staircase to the Lair.
  9293 | D:9      | Found Ycigaini's Gadget Shoppe.
  9436 | D:9      | Noticed Psyche
  9584 | D:9      | Found Vagucroa's Gadget Shop.
  9632 | D:9      | Found a staircase to the Orcish Mines.
  9793 | D:9      | Killed Psyche
  9963 | D:9      | Found Onled's Magic Scroll Shop.
 10254 | Lair:1   | Entered Level 1 of the Lair of Beasts
 10331 | Lair:1   | Noticed Gastronok
 10350 | Lair:1   | Killed Gastronok
 10350 | Lair:1   | Reached skill level 10 in Fighting
 10350 | Lair:1   | Reached skill level 13 in Axes
 10350 | Lair:1   | Reached skill level 10 in Armour
 10350 | Lair:1   | Reached skill level 10 in Shields
 10859 | Lair:1   | Reached XP level 12. HP: 98/106 MP: 16/16
 11168 | Lair:1   | Noticed Grum
 11178 | Lair:1   | Killed Grum
 11727 | Lair:2   | Found a hole to the Spider Nest.
 12408 | Lair:3   | Reached skill level 14 in Axes
 12753 | Lair:3   | Noticed a five-headed hydra
 12773 | Lair:3   | Killed a six-headed hydra
 13597 | Lair:4   | Noticed Sonja
 13638 | Lair:4   | Killed Sonja
 13943 | Lair:4   | Noticed a six-headed hydra
 13967 | Lair:4   | Killed a ten-headed hydra
 14285 | Lair:4   | Found a staircase to the Swamp.
 14984 | Lair:4   | Noticed a five-headed hydra
 14996 | Lair:4   | Killed a five-headed hydra
 15630 | Lair:5   | Noticed an eight-headed hydra
 15646 | Lair:5   | Killed an eight-headed hydra
 16042 | Lair:5   | Reached skill level 15 in Axes
 16042 | Lair:5   | Reached XP level 13. HP: 45/116 MP: 18/18
 16329 | Lair:5   | Found a runed translucent door.
 16398 | Lair:5   | Identified the +3 trident of Perfectionism {venom, rPois
                  | rF- Str+9 Int+3}
 16399 | Lair:5   | Noticed Sickboy's ghost (journeyman FrWz)
 17050 | Lair:5   | Killed Sickboy's ghost
 17186 | Lair:6   | Entered Level 6 of the Lair of Beasts
 17204 | Lair:6   | Found a viscous altar of Jiyva.
 17205 | Lair:6   | Found a staircase to the Slime Pits.
 18051 | Lair:6   | HP: 5/116 [nine-headed hydra (3)]
 18052 | Lair:6   | Slain by a ten-headed hydra

Skill      XL: |  1  2  3  4  5  6  7  8  9 10 11 12 |
---------------+-------------------------------------+-----
Axes           | 3 4 5 7 8 10 11 13 15 | 15.4
Fighting       | 4 5 6 7 9 10 11 | 11.6
Armour         | 4 5 6 8 9 10 11 | 11.7
Shields        | 4 5 6 8 9 10 11 | 11.6
Invocations    | 1 2 3 4 5 6 7 9 |  9.2

Action                   |  1- 3 |  4- 6 |  7- 9 | 10-12 | 13-15 || total
-------------------------+-------+-------+-------+-------+-------++-------
Melee: War axe           |    71 |   140 |    93 |       |       ||   304
       Headbutt          |    10 |    23 |    64 |   146 |    32 ||   275
       Broad axe         |       |       |   248 |   626 |   123 ||   997
Invok: Evolution         |       |       |       |    12 |     5 ||    17
       Fungal Bloom      |       |       |       |     4 |     1 ||     5
  Use: Scroll            |       |       |       |    19 |       ||    19
       Potion            |       |       |       |     3 |       ||     3
 Stab: Confused          |       |       |       |     3 |     2 ||     5
       Distracted        |       |       |       |     1 |     1 ||     2
  Eat: Chunk             |     1 |     3 |    13 |    23 |     4 ||    44
       Ration            |       |       |     1 |     2 |     1 ||     4
Armor: Scale mail        |    41 |    93 |    65 |       |       ||   199
       Chain mail        |       |       |   139 |       |       ||   139
       Plate armour      |       |       |    11 |   492 |    91 ||   594
Dodge: Dodged            |    30 |    55 |    88 |   185 |    42 ||   400
Block: Shield            |    42 |    89 |   196 |   485 |   110 ||   922
